 Dungeon Crawl Stone Soup version 0.27.0-1-g7a089689b8 (webtiles) character file.

Game seed: 10435991176336716603

165 Snarg the Ducker (level 5, -4/41 HPs)
             Began as a Djinni Monk on Aug 16, 2021.
             Was an Initiate of Gozag.
             Slain by a gnoll (5 damage)
             ... on level 3 of the Dungeon.
             The game lasted 00:10:52 (4569 turns).

Snarg the Ducker (Djinni Monk)                      Turns: 4569, Time: 00:10:53

Health: -4/41      AC:  2    Str: 11    XL:     5   Next: 75%
Gold:   407        EV: 13    Int: 11    God:    Gozag SH:  0 Dex: 16

rFire    + + +     SeeInvis .   a - +0 falchion
rCold    x . .     Faith    .   (no shield)
rNeg     . . .     Spirit   .   b - +0 robe
rPois    ∞         Reflect  .   (no helmet)
rElec    .         Harm     .   (no cloak)
rCorr    .         Rampage  .   (no gloves)
Will     .....                  (boots unavailable)
Stlth    ++........             (no amulet)
HPRegen  0.13/turn              i - ring of protection from fire
MPRegen  0.00/turn              (no ring)

@: flying
A: sickness immunity, fire resistance 2, cold vulnerability 1, float, innate
caster, hp casting, extra vitality 1
a: Renounce Religion, Potion Petition, Call Merchant, Bribe Branch


You were on level 3 of the Dungeon.
You worshipped Gozag.
Gozag was aware of your devotion.
You visited 1 branch of the dungeon, and saw 3 of its levels.

You collected 407 gold pieces.

Inventory:

Hand Weapons
 a - a +0 falchion (weapon)
 f - a +0 spear
 j - a +0 dagger
 q - a +1 arbalest of freezing
Missiles
 e - 147 stones
 n - 7 javelins
 s - 17 bolts
Armour
 b - a +0 robe (worn)
 r - a +0 leather armour
Jewellery
 i - a ring of protection from fire (left hand)
Scrolls
 c - a scroll of magic mapping {unknown}
 d - a scroll of amnesia {unknown}
 g - 3 scrolls of identify {unknown}
 k - a scroll of fear {unknown}
 m - a scroll of noise {unknown}
Potions
 h - a potion of flight
 o - a potion of attraction {unknown}
 p - a potion of curing {unknown}


   Skills:
 + Level 3.6 Fighting
 + Level 3.7 Long Blades
 + Level 0.4 Throwing
 + Level 4.0 Dodging
 + Level 1.9 Stealth
 * Level 1.5 Spellcasting


You had 4 spell levels left.
You knew the following spells:

 Your Spells              Type           Power      Damage    Failure   Level
a - Magic Dart            Conj           16%        1d3       17%         1
b - Poisonous Vapours     Pois/Air       8%         N/A       26%         2
Your spell library was empty.

Dungeon Overview and Level Annotations

Branches:
Dungeon (3/15)

Altars:
Gozag

Shops:
D:1 !

Annotations:
D:1 clr
D:2 clr


Innate Abilities, Weirdness & Mutations

You are immune to sickness and miasma.
You are immune to poison.
Your flesh is very heat resistant. (rF++)
You are vulnerable to cold. (rC-)
You float through the air rather than walking.
You learn spells naturally, not from books.
Your magical power is your life essence.
You have superior vitality. (+4 HP)


Message History

The gnoll is moderately wounded.
The gnoll misses you.
It was a potion of flight.
You feel more buoyant. The gnoll misses you. The gnoll barely misses you.
The gnoll closely misses you.
It was a potion of heal wounds.
You feel much better. The gnoll barely misses you.
The gnoll hits you with a +0 whip. The gnoll barely misses you.
The gnoll completely misses you.
Found 16 stones.
You miscast Magic Dart.
You are very lightly contaminated with residual magic.
Nothing appears to happen.
The gnoll barely misses you.
You riposte.
You hit the gnoll.
The gnoll is moderately wounded.
You barely miss the gnoll.
The gnoll is moderately wounded.
The gnoll hits you with a +0 spear.
You hit the gnoll.
The gnoll is severely wounded.
The gnoll barely misses you.
You riposte.
You closely miss the gnoll.
The gnoll is severely wounded.
You hit the gnoll but do no damage.
The gnoll is severely wounded.
The gnoll hits you with a +0 spear!
* * * LOW HITPOINT WARNING * * *
The gnoll closely misses you.
You hit the gnoll.
The gnoll is almost dead.
The gnoll hits you with a +0 spear.
* * * LOW HITPOINT WARNING * * *
The gnoll hits you with a +0 flail.
* * * LOW HITPOINT WARNING * * *
Your magical contamination has completely faded away.
Unknown command.
The gnoll barely misses you.
The gnoll hits you from afar with a +0 spear.
You die...
Your body crumbles into a pile of gold.

#......###### ##.......###....
##......#....#####.........# ....
...........................###...
>#......##.......................
.#......##.##.#......[.....##....
........##.##...##...............
...........##.#..##.......#......
..######.#.##..<..##.............
.........#......@g.gg.##.##......
...###.###.#..#...g#####..#......
..####.....#.......... ..........
....#....###.#...^#######........
....#........#....# ##.......
........##.###.#..# (...
....#.#.##. ...#.... ..).#.#.##
.###.##. ......#.###..


You could see 4 gnolls.

Vanquished Creatures
  4 gnolls (D:2)
  7 adders
  3 worms (D:2)
  3 dart slugs
  4 ball pythons
  7 endoplasms
  A giant cockroach (D:2)
  4 goblins
  3 hobgoblins
  4 jackals (D:1)
  3 quokkas
  2 bats
  2 frilled lizards (D:1)
  3 kobolds
  2 rats (D:2)
52 creatures vanquished.

Notes
Turn   | Place    | Note
-------+----------+-------------------------------------------
     0 | D:1      | Snarg the Djinni Monk began the quest for the Orb.
     0 | D:1      | Reached XP level 1. HP: 20/20 MP: 0/0
   332 | D:1      | Found a faded altar of an unknown god.
   343 | D:1      | Became a worshipper of Gozag Ym Sagoz the Greedy
   345 | D:1      | Found Eleh's Distillery.
   376 | D:1      | Reached XP level 2. HP: 25/25 MP: 0/0
   956 | D:1      | Reached XP level 3. HP: 30/30 MP: 0/0
   956 | D:1      | Learned a level 1 spell: Magic Dart
  1780 | D:2      | Reached XP level 4. HP: 21/35 MP: 0/0
  3079 | D:2      | Reached skill level 1 in Spellcasting
  3234 | D:2      | Reached skill level 4 in Dodging
  3289 | D:2      | HP: 1/35 [gnoll (12)]
  3292 | D:2      | Reached XP level 5. HP: 2/40 MP: 0/0
  3292 | D:2      | Learned a level 2 spell: Poisonous Vapours
  4567 | D:3      | HP: 1/41 [gnoll (4)]
  4569 | D:3      | Slain by a gnoll

Illustrated notes

Levels and vault maps discovered:
D:1:      erik_arrival_blinker_ship, layout_rooms,
          ebering_ecumenical_altar_sacrificial, serial_rivers,
          chequers_serial_rivers_small_b, chequers_serial_rivers_small_b,
          chequers_serial_rivers_small_a, chequers_serial_rivers_large_a,
          chequers_serial_rivers_small_3, serial_shops, shop, minivault_27,
          corexii_hall_statues_deadend, minmay_misc_feat_rows,
          hangedman_decor_growths, moated_statue
D:2:      layout_loops_cross
D:3:      layout_rooms, hangedman_abyss_or_decor_stabs, guppyfry_early_lair_pool

Skill      XL: |  1  2  3  4 |
---------------+-------------+-----
Long Blades    | 3 |  3.7
Spellcasting   | 1 |  1.5
Dodging        | 4 |  4.0
Fighting       | |  3.6
Throwing       | |  0.4
Stealth        | |  1.9

Action                   |  1- 3 |  4- 6 || total
-------------------------+-------+-------++-------
Melee: Falchion          |    71 |   116 ||   187
Throw: Stone             |    20 |       ||    20
 Cast: Magic Dart        |    16 |    50 ||    66
       Poisonous Vapours |       |     3 ||     3
  Use: Potion            |       |     2 ||     2
 Stab: Sleeping          |     1 |     1 ||     2
Armor: Robe              |     9 |     9 ||    18
Dodge: Dodged            |    39 |    78 ||   117
       Rpst.: Falchion   |     7 |    15 ||    22
